 Dungeon Sprint DCSS version 0.13-a0-2995-g9a84c3d (webtiles) character file.

5700000 Misa the Axe Maniac (level 21, -5/325 HPs)
             Began as a Minotaur Berserker on Sept 8, 2013.
             Killed by divine providence
             ... invoked by an accursed
              (13 damage)
             ... in the Dungeon (Sprint VIII: "Arena of Blood").
             The game lasted 00:05:19 (57 turns).

Misa the Axe Maniac (Minotaur Berserker)              Turns: 57, Time: 00:05:20

HP  -5/325       AC  4     Str 36      XL: 21   Next: 11%
MP  31/44        EV 26     Int  4      God:
Gold 20          SH  0     Dex 11      Spells:  0 memorised, 69 levels left

Res.Fire  : . . .   See Invis. : .   j - +∞ Axe of Woe
Res.Cold  : . . .   Warding    : .   b - +0 animal skin
Life Prot.: . . .   Conserve   : .   (no shield)
Res.Poison: .       Res.Corr.  : .   (helmet restricted)
Res.Elec. : .       Clarity    : .   (no cloak)
Sust.Abil.: . .     Spirit.Shd : .   (no gloves)
Res.Mut.  : .       Prev.Telep.: +   (no boots)
Res.Rott. : .       Flight     : .   (no amulet)
Saprovore : . . .                    l - +27000,+30 ring of slaying
                                     k - +27000,+30 ring of slaying

@: berserking, very slightly contaminated, hasted, very quick, quite resistant
to hostile enchantments, extremely unstealthy
A: retaliatory headbutt, horns 2
a: no special abilities


You were in the Dungeon.
You were not hungry.

You visited 1 branch

Inventory:

Hand weapons
 a - a +0,+0 hand axe {=f}
 j - the +∞,+∞ Axe of Woe (weapon)
   (You found it in the Dungeon)
Armour
 b - a +0 animal skin (worn)
Comestibles
 c - a bread ration
Jewellery
 k - a +27000,+30 ring of slaying (left hand)
 l - a +27000,+30 ring of slaying (right hand)
Potions
 g - a potion of magic


   Skills:
 O Level 27 Fighting
 O Level 27 Axes
 O Level 27 Throwing
 O Level 27 Armour
 O Level 27 Dodging
 O Level 27 Stealth
 O Level 27 Unarmed Combat
 + Level 24.5 Spellcasting


You had 69 spell levels left.
You didn't know any spells.

Dungeon Overview and Level Annotations

Branches:
Dungeon (1/1)

Altars:
Makhleb


Innate Abilities, Weirdness & Mutations

You reflexively headbutt those who attack you in melee.
You have a pair of horns on your head.


Message History

An accursed comes into view.
You hear a shout!
The destroyer moves out of view.
You hear a shout!
Drink which item? (? for menu, Esc to quit)
Okay, then.
The bag of meat shouts!
You hear a shout!
The accursed casts a spell at you. Something smites you!
* * * LOW HITPOINT WARNING * * *
You hear a shout!
Drink which item? (? for menu, Esc to quit)
A red film seems to cover your vision as you go berserk!
You feel yourself moving faster!
You feel mighty!
The large bag of meat shouts!
The bag of meat shouts!
The bag of meat shouts!
You hear a shout!
The accursed casts a spell at you. Something smites you!
You die...

.§.M..._))OV...§..
...#o.)VC#
.o#_.<)_#
..#.....#
......._..........
......###........
.###.......###...
#.......# ..
#@......#
.................
#...............
.....O..C.....M
#..............
...o#oC.o....
...o.oo....
.##M#.C.. . .


You could see 3 accurseds, a destroyer, 3 large bags of meat, a meat berserker
(berserk) and 8 bags of meat.

Vanquished Creatures
  A greater mummy (D)
  2 hill giants (D)
  10 ogres (D)
  27 orcs (D)
  A skeletal warrior (D)
  4 large abominations (D)
  A small abomination (D)
  A crawling corpse (D)
47 creatures vanquished.

Vanquished Creatures (others)
  A troll (D)
  2 ogres (D)
3 creatures vanquished.

Grand Total: 50 creatures vanquished

Notes
Turn   | Place    | Note
--------------------------------------------------------------
     0 | D        | Misa, the Minotaur Berserker, began the quest for the Orb.
     0 | D        | Reached XP level 1. HP: 19/19 MP: 0/0
     4 | D        | Noticed a bag of meat
     5 | D        | Noticed a bag of meat
    10 | D        | Killed a bag of meat
    10 | D        | Reached skill level 19 in Fighting
    10 | D        | Reached skill level 10 in Dodging
    10 | D        | Reached XP level 2. HP: 25/30 MP: 0/0
    10 | D        | Reached XP level 3. HP: 32/39 MP: 1/1
    10 | D        | Reached XP level 4. HP: 39/48 MP: 1/1
    10 | D        | Reached XP level 5. HP: 46/57 MP: 1/1
    10 | D        | Reached XP level 6. HP: 53/66 MP: 2/2
    10 | D        | Reached XP level 7. HP: 59/74 MP: 2/2
    10 | D        | Reached XP level 8. HP: 66/83 MP: 2/2
    10 | D        | Reached XP level 9. HP: 73/92 MP: 3/3
    10 | D        | Reached XP level 10. HP: 80/101 MP: 3/3
    10 | D        | Reached XP level 11. HP: 87/110 MP: 3/3
    11 | D        | Killed a bag of meat
    11 | D        | Acquired Trog's second power
    11 | D        | Reached skill level 22 in Fighting
    11 | D        | Reached XP level 12. HP: 94/123 MP: 4/4
    13 | D        | Noticed a meat berserker
    14 | D        | Noticed a bag of meat
    14 | D        | Noticed a bag of meat
    14 | D        | Noticed a meat berserker
    15 | D        | Noticed a meat berserker
    16 | D        | Noticed a meat berserker
    17 | D        | Noticed a bag of meat
    17 | D        | Noticed a meat berserker
    18 | D        | Noticed a bag of meat
    18 | D        | Noticed a bag of meat
    18 | D        | Noticed a meat berserker
    19 | D        | Noticed a bag of meat
    19 | D        | Killed a meat berserker
    19 | D        | Reached skill level 24 in Fighting
    19 | D        | Reached XP level 13. HP: 35/135 MP: 4/4
    20 | D        | Noticed a bag of meat
    20 | D        | Killed a meat berserker
    20 | D        | Reached skill level 25 in Fighting
    20 | D        | Reached skill level 15 in Armour
    20 | D        | Killed a meat berserker
    20 | D        | Reached skill level 26 in Fighting
    20 | D        | Reached XP level 14. HP: 38/149 MP: 4/4
    21 | D        | Killed a meat berserker
    21 | D        | Reached skill level 27 in Fighting
    21 | D        | Reached skill level 27 in Axes
    22 | D        | Noticed a bag of meat
    22 | D        | Noticed a meat berserker
    22 | D        | Noticed a bag of meat
    23 | D        | Noticed a bag of meat
    23 | D        | Noticed a bag of meat
    23 | D        | Noticed a bag of meat
    23 | D        | Noticed a bag of meat
    23 | D        | Killed a bag of meat
    23 | D        | Reached XP level 15. HP: 69/159 MP: 5/5
    23 | D        | Killed a meat berserker
    24 | D        | Noticed a bag of meat
    24 | D        | Noticed a bag of meat
    25 | D        | Noticed a bag of meat
    25 | D        | Noticed a bag of meat
    25 | D        | Killed a meat berserker
    25 | D        | Acquired Trog's third power
    27 | D        | Noticed a bag of meat
    27 | D        | Noticed a bag of meat
    27 | D        | Killed a bag of meat
    28 | D        | Killed a bag of meat
    28 | D        | Reached XP level 16. HP: 78/170 MP: 5/5
    29 | D        | Noticed a bag of meat
    29 | D        | Killed a bag of meat
    29 | D        | Reached skill level 27 in Armour
    30 | D        | Killed a bag of meat
    30 | D        | Reached skill level 27 in Dodging
    30 | D        | Killed a bag of meat
    31 | D        | Noticed a bag of meat
    31 | D        | Killed a meat berserker
    31 | D        | Reached XP level 17. HP: 84/179 MP: 3/21
    32 | D        | Noticed a large bag of meat
    32 | D        | Killed a bag of meat
    33 | D        | Killed a bag of meat
    33 | D        | Killed a bag of meat
    34 | D        | Noticed a meat berserker
    35 | D        | Noticed a meat berserker
    35 | D        | Killed a bag of meat
    36 | D        | Noticed a large bag of meat
    36 | D        | Killed a large bag of meat
    36 | D        | Reached XP level 18. HP: 68/189 MP: 3/22
    37 | D        | Noticed a bag of meat
    38 | D        | Killed a bag of meat
    38 | D        | Reached skill level 27 in Stealth
    38 | D        | Killed a meat berserker
    38 | D        | Killed a bag of meat
    39 | D        | Killed a bag of meat
    39 | D        | Received a gift from Trog
    39 | D        | Killed a bag of meat
    40 | D        | Noticed a bag of meat
    40 | D        | Noticed a bag of meat
    41 | D        | Noticed a bag of meat
    41 | D        | Noticed a sculptor of flesh
    41 | D        | Killed a bag of meat
    41 | D        | Reached XP level 19. HP: 50/199 MP: 4/23
    41 | D        | Killed a bag of meat
    41 | D        | Reached skill level 27 in Unarmed Combat
    41 | D        | Reached skill level 10 in Throwing
    41 | D        | Killed a bag of meat
    41 | D        | Reached skill level 10 in Spellcasting
    41 | D        | Killed a meat berserker
    42 | D        | Noticed a meat berserker
    43 | D        | Noticed a bag of meat
    43 | D        | Killed a bag of meat
    44 | D        | Noticed a bag of meat
    44 | D        | Noticed a large bag of meat
    44 | D        | Killed a large bag of meat
    45 | D        | Killed a bag of meat
    45 | D        | Reached skill level 15 in Spellcasting
    46 | D        | Noticed a meat berserker
    46 | D        | Killed a bag of meat
    46 | D        | Reached XP level 20. HP: 14/209 MP: 4/38
    47 | D        | Killed a bag of meat
    47 | D        | Fell from the grace of Trog
    48 | D        | Noticed an accursed
    48 | D        | Noticed a bag of meat
    49 | D        | Killed a bag of meat
    50 | D        | Noticed a bag of meat
    50 | D        | Noticed a large bag of meat
    50 | D        | Killed a bag of meat
    50 | D        | Reached skill level 27 in Throwing
    50 | D        | Killed a sculptor of flesh
    51 | D        | Noticed a bag of meat
    51 | D        | Noticed a destroyer
    51 | D        | Killed a bag of meat
    53 | D        | Noticed a bag of meat
    53 | D        | Noticed a destroyer
    53 | D        | Killed a bag of meat
    53 | D        | Killed an accursed
    54 | D        | Noticed a destroyer
    54 | D        | Killed a meat berserker
    54 | D        | Reached XP level 21. HP: 16/217 MP: 30/44
    55 | D        | Noticed an accursed
    55 | D        | Noticed a large bag of meat
    55 | D        | Noticed a destroyer
    55 | D        | Noticed an accursed
    55 | D        | Noticed a bag of meat
    55 | D        | Noticed a large bag of meat
    55 | D        | Noticed a bag of meat
    55 | D        | Noticed a bag of meat
    55 | D        | Noticed a bag of meat
    55 | D        | Noticed a meat berserker
    55 | D        | Noticed a bag of meat
    55 | D        | Noticed a large bag of meat
    55 | D        | Noticed a bag of meat
    56 | D        | Noticed an accursed
    56 | D        | HP: 5/217 [accursed/divine providence (12)]
    57 | D        | Killed from afar by an accursed

Action                   |  1- 3 |  4- 6 |  7- 9 | 10-12 | 13-15 | 16-18 | 19-21 || total
-------------------------+-------+-------+-------+-------+-------+-------+-------++-------
Melee: Executioner's axe |     1 |       |       |     2 |     6 |    10 |    11 ||    30
Invok: Trog's Hand       |       |       |       |     1 |       |       |       ||     1
       Brothers in Arms  |       |       |       |       |     1 |     2 |       ||     3
  Use: Potion            |       |       |       |     1 |     1 |       |     3 ||     5
       Scroll            |       |       |       |       |       |       |     1 ||     1
 Stab: Distracted        |       |       |       |       |       |       |     1 ||     1
